 Dungeon Crawl Stone Soup version 0.19-a0-1079-g88a7474 (webtiles) character file.

4304 HaroldButt the Grappler (level 10, -3/92 HPs)
             Began as a Troll Monk on Aug 6, 2016.
             Was a High Priest of Okawaru.
             Slain by a quokka (5 damage)
             ... on level 9 of the Dungeon.
             The game lasted 00:18:27 (6537 turns).

HaroldButt the Grappler (Troll Monk)                Turns: 6537, Time: 00:18:27

Health: -3/92      AC:  6    Str: 21    XL:     10   Next: 11%
Magic:  9/9        EV: 15    Int:  6    God:    Okawaru [*****.]
Gold:   194        SH:  0    Dex: 15    Spells: 0 memorised, 9 levels left

rFire  . . .     SeeInvis .       - Unarmed
rCold  . . .     Gourm    +     a - +1 robe
rNeg   . . .     Faith    .     (no shield)
rPois  .         Spirit   .     (helmet restricted)
rElec  .         Dismiss  .     (no cloak)
rCorr  .         Reflect  .     (gloves unavailable)
SustAt .         Harm     .     (boots unavailable)
MR     .....                    (no amulet)
Stlth  +++.......               y - ring of stealth
                                m - +3 ring of slaying

@:
A: unfitting armour, claws 3, fast metabolism 3, gourmand, regeneration 2,
shaggy fur 1, tough skin 2
a: Heroism, Finesse, Renounce Religion


You were on level 9 of the Dungeon.
You worshipped Okawaru.
Okawaru was extremely pleased with you.
You were not hungry.

You visited 2 branches of the dungeon, and saw 10 of its levels.

You collected 491 gold pieces.
You spent 297 gold pieces at shops.

Inventory:

Armour
 a - a +1 robe (worn)
Jewellery
 m - a +3 ring of slaying (left claw)
 y - a ring of stealth (right claw)
Wands
 p - a wand of digging (16/24)
 x - a wand of iceblast (7/15)
Scrolls
 d - 2 scrolls of teleportation
 e - 2 scrolls of magic mapping
 j - 5 scrolls of remove curse
 l - 4 scrolls of recharging
 n - a scroll of fear
 o - 2 scrolls of immolation
 q - a scroll of enchant armour
Potions
 c - 2 potions of curing
 f - 2 potions of berserk rage
 g - 4 potions of might
 i - a potion of lignification
 s - a potion of flight
 t - a potion of magic
 u - 2 potions of haste
 v - a potion of cancellation
 w - a potion of brilliance
Books
 r - a book of Annihilations

   Spells                             Type                      Level
   a - Poison Arrow                   Conjuration/Poison           6
   b - Chain Lightning                Conjuration/Air              8
   c - Lehudib's Crystal Spear        Conjuration/Earth            8
   d - Glaciate                       Conjuration/Ice              9
   e - Fire Storm                     Conjuration/Fire             9
 z - a book of Power

   Spells                             Type                      Level
   a - Fulminant Prism                Conjuration/Hexes            4
   b - Iskenderun's Mystic Blast      Conjuration                  4
   c - Venom Bolt                     Conjuration/Poison           5
   d - Bolt of Magma                  Conjuration/Fire/Earth       5
   e - Iron Shot                      Conjuration/Earth            6
   f - Orb of Destruction             Conjuration                  7
   g - Spellforged Servitor           Conjuration/Summoning        7
Comestibles
 b - 4 bread rations
 h - 6 beef jerkies
 k - 4 meat rations


   Skills:
 - Level 4.1 Fighting
 - Level 4.1 Armour
 + Level 8.9 Dodging
 - Level 1.1 Stealth
 - Level 9.0 Unarmed Combat


You had 9 spell levels left.
You didn't know any spells.

Dungeon Overview and Level Annotations

Branches:
Dungeon (9/15)             Temple (1/1) D:5
   Lair: D:8-11         Orc: D:9-12

Altars:
Ashenzari
Cheibriados
Dithmenos
Elyvilon
Fedhas
Gozag
Hepliaklqana
Kikubaaqudgha
Makhleb
Nemelex Xobeh
Okawaru
Pakellas
Qazlal
Ru
Sif Muna
Trog
Uskayaw
Vehumet
Xom
Yredelemnul
Zin
The Shining One

Shops:
D:5 :(   D:6 [   D:7 *   D:9 [


Innate Abilities, Weirdness & Mutations

You are too large for most types of armour.
You have claws for hands.
Your metabolism is lightning-fast.
You like to eat raw meat.
You heal very quickly.
You are covered in fur. (AC +1)
You have very tough skin. (AC +2)


Message History

The crimson imp drinks a potion.
The crimson imp suddenly seems more agile.
The adder zombie completely misses you. The quokka closely misses you.
The orc wizard gestures at you while chanting.
The puff of flame hits you!
* * * LOW HITPOINT WARNING * * *
The crimson imp blinks!
The orc wizard gestures at you while chanting.
The puff of frost misses you.
The orc wizard miscasts a cantrip.
The quokka bites you but does no damage.
Found 17 stones.
The crimson imp blinks!
The orc priest invokes the aid of Beogh against you.
Beogh smites you!
* * * LOW HITPOINT WARNING * * *
The adder zombie misses you.
Found a stone staircase leading down.
The quokka bites you.
You die...

#.........# #..#......#
....... #. #..#......#
#....>..# #.# #..#......#
#.......# #.# #.?#......#
#.......# #.#
#..#......###......(# #.#
#..#..<.............# #.###
#..#................# #....
#..#........@r......# #....
#..#........Zo..[...# #.###
#..#................#####.#
#..#........(.............#
#..#>.....................#
#..#......................#
#..#......................#
#..#.........)............#
#..#..###...........o.....#


You could see an orc wizard, an adder zombie and a quokka.

Vanquished Creatures
  The ghost of skk the Covert, a novice OpEn of Dithmenos (D:9)
  A troll (D:9)
  A two-headed ogre (D:9)
  3 yaks (D:9)
  2 hungry ghosts (D:9)
  2 orc warriors
  A sky beast (D:9)
  3 ice beasts
  A wasp (D:9)
  A black bear (D:9)
  A phantom (D:5)
  3 ogres
  2 centaurs
  A crocodile (D:9)
  2 giant frogs
  3 scorpions
  A water moccasin skeleton (D:7)
  A howler monkey (D:7)
  2 crimson imps
  A giant frog zombie (D:6)
  3 hounds
  2 orc priests (D:7)
  A centaur skeleton (D:5)
  4 orc wizards
  A jelly (D:7)
  A giant frog skeleton (D:8)
  An iguana (D:7)
  Ijyb (D:2)
  8 worker ants
  A killer bee zombie (D:7)
  A hound skeleton (D:9)
  A worker ant zombie (D:9)
  A howler monkey skeleton (D:5)
  13 adders
  A shadow imp (D:6)
  2 adder skeletons
  3 dart slugs
  3 giant geckos
  16 orcs
  5 bats
  A giant cockroach (D:4)
  4 goblins
  4 hobgoblins
  18 jackals
  3 quokkas
  A ball python skeleton (D:4)
  4 giant newts
  A jackal skeleton (D:4)
  6 kobolds
  10 rats
154 creatures vanquished.

Notes
Turn   | Place    | Note
-------+----------+-------------------------------------------
     0 | D:1      | HaroldButt the Troll Monk began the quest for the Orb.
     0 | D:1      | Reached XP level 1. HP: 22/22 MP: 0/0
   307 | D:1      | Reached XP level 2. HP: 23/29 MP: 1/1
   769 | D:1      | Reached skill level 4 in Unarmed Combat
   962 | D:2      | Noticed Ijyb
   971 | D:2      | Killed Ijyb
   971 | D:2      | Reached XP level 3. HP: 19/36 MP: 2/2
  1487 | D:3      | Reached XP level 4. HP: 44/44 MP: 3/3
  1556 | D:3      | Reached skill level 5 in Unarmed Combat
  2153 | D:4      | Reached XP level 5. HP: 50/50 MP: 4/4
  2160 | D:4      | Reached skill level 6 in Unarmed Combat
  2688 | D:5      | Entered Level 5 of the Dungeon
  2689 | D:5      | Noticed an ogre
  2693 | D:5      | Killed an ogre
  2693 | D:5      | Reached XP level 6. HP: 36/59 MP: 5/5
  2694 | D:5      | Found a staircase to the Ecumenical Temple.
  2725 | Temple   | Entered the Ecumenical Temple
  2771 | Temple   | Became a worshipper of Warmaster Okawaru
  2771 | Temple   | Reached * piety under Okawaru
  2771 | Temple   | Reached ** piety under Okawaru
  2943 | D:5      | Found Mirr's Weapon Shoppe.
  2974 | D:5      | Reached XP level 7. HP: 43/66 MP: 6/6
  3104 | D:5      | Found Jaewu's Book Emporium.
  3133 | D:5      | Reached skill level 5 in Dodging
  3166 | D:5      | Found a burning altar of Makhleb.
  3955 | D:6      | Found Houvext's Armour Shoppe.
  4064 | D:7      | Reached XP level 8. HP: 61/75 MP: 7/7
  4220 | D:7      | Reached *** piety under Okawaru
  4480 | D:7      | Reached skill level 7 in Unarmed Combat
  4548 | D:7      | Found Vetigoe's Assorted Antiques.
  4555 | D:7      | Bought a scroll of identify for 66 gold pieces
  4555 | D:7      | Bought a scroll labeled NUS XAEDAB for 33 gold pieces
  4555 | D:7      | Bought a shiny golden ring for 165 gold pieces
  4555 | D:7      | Bought a scroll labeled IMUIQA IM DAURU for 33 gold pieces
  5249 | D:8      | Reached skill level 8 in Unarmed Combat
  5955 | D:9      | Reached skill level 9 in Unarmed Combat
  5990 | D:9      | Reached skill level 1 in Armour
  5990 | D:9      | Reached XP level 9. HP: 83/84 MP: 8/8
  6022 | D:9      | Noticed skk's ghost (novice OpEn)
  6067 | D:9      | Killed skk's ghost
  6067 | D:9      | Reached **** piety under Okawaru
  6227 | D:9      | Noticed a troll
  6230 | D:9      | Killed a troll
  6242 | D:9      | Reached ***** piety under Okawaru
  6362 | D:9      | Reached XP level 10. HP: 92/92 MP: 9/9
  6419 | D:9      | Found Irphuuxzar's Antique Armour Shop.
  6536 | D:9      | HP: 1/92 [orc priest/divine providence (13)]
  6537 | D:9      | Slain by a quokka

Vault maps used:
D:1:      lemuel_arrival_funnel
D:2:      uniq_iyjb
D:3:      first_bread, kennysheep_generic_room_15
D:4:      roderic_lattice_a
D:5:      lightli_temple_of_fire, serial_shops, shop, kennysheep_little_box
D:6:      serial_shops, nicolae_shop_behind_doors, moated_statue
D:7:      serial_shops, shop
D:9:      minmay_opposing_rooms, serial_shops, nicolae_shop_statue_plus
Temple:   kilobyte_greek_temple

Skill      XL: |  1  2  3  4  5  6  7  8  9 |
---------------+----------------------------+-----
Unarmed Combat | 4 5 6 9 |  9.0
Dodging        | 3 4 6 8 |  8.9
Fighting       | 3 4 |  4.1
Armour         | 1 4 |  4.1
Stealth        | |  1.1

Action                   |  1- 3 |  4- 6 |  7- 9 | 10-12 || total
-------------------------+-------+-------+-------+-------++-------
Melee: Unarmed           |    75 |   112 |   252 |    33 ||   472
       Punch             |     1 |     2 |    15 |       ||    18
  Use: Scroll            |       |    15 |     9 |       ||    24
       Potion            |       |     1 |       |       ||     1
 Stab: Distracted        |       |     1 |       |       ||     1
       Sleeping          |       |       |     6 |       ||     6
  Eat: Chunk             |    15 |    17 |    35 |     5 ||    72
Armor: Robe              |    17 |    33 |    54 |    15 ||   119
Dodge: Dodged            |    31 |    38 |   129 |    30 ||   228
